 Dungeon Crawl Stone Soup version 0.24.0-37-gcf1ca852f1 (webtiles) character file.

Game seed: 3794475394539577109, levelgen mode: deterministic

100 FessEmpty the Shield-Bearer (level 4, -5/33 HPs)
             Began as a Demonspawn Wanderer on Dec 7, 2019.
             Was an Initiate of Kikubaaqudgha.
             Slain by a centaur (9 damage)
             ... on level 6 of the Dungeon.
             The game lasted 00:09:12 (2979 turns).

FessEmpty the Shield-Bearer (Demonspawn Wanderer)   Turns: 2979, Time: 00:09:12

Health: -5/33      AC:  3    Str: 10    XL:     4   Next: 46%
Magic:  7/7        EV:  8    Int: 15    God:    Kikubaaqudgha [......]
Gold:   88         SH: 12    Dex: 14    Spells: 6/7 levels left

rFire    . . .     SeeInvis .   j - +2 war axe (vamp)
rCold    . . .     Gourm    .   e - +0 shield
rNeg     . . .     Faith    .   b - +0 leather armour
rPois    .         Spirit   .   (no helmet)
rElec    .         Reflect  .   (no cloak)
rCorr    .         Harm     .   (no gloves)
MR       .....                  (no boots)
Stlth    +.........             (no amulet)
HPRegen  0.11/turn              (no ring)
MPRegen  0.10/turn              (no ring)

@: no status effects
A: large bone plates 1
a: Renounce Religion


You were on level 6 of the Dungeon.
You worshipped Kikubaaqudgha.
Kikubaaqudgha was noncommittal.
You were not hungry.

You visited 1 branch of the dungeon, and saw 5 of its levels.

You collected 88 gold pieces.

Inventory:

Hand Weapons
 j - a +2 vampiric war axe (weapon)
Missiles
 g - 33 poisoned darts (quivered)
Armour
 b - a +0 leather armour (worn)
 e - a +0 shield (worn)
Wands
 t - a wand of paralysis (5)
 w - a wand of random effects (10)
Scrolls
 a - a scroll of immolation {unknown}
 c - 2 scrolls of amnesia {unknown}
 d - a scroll of fog {unknown}
 h - a scroll of identify
 n - a scroll of blinking {unknown}
Potions
 i - 2 potions of mutation {unknown}
 k - 2 potions of curing {unknown}
 l - a potion of might
 m - a potion of cancellation {unknown}
 o - a potion of flight {unknown}
 p - a potion of haste {unknown}
 q - a potion of degeneration {unknown}
 r - a potion of lignification {unknown}
 u - a potion of magic {unknown}
 v - a potion of heal wounds {unknown}
Comestibles
 f - 7 rations
 s - a chunk of flesh


   Skills:
 - Level 2.0 Fighting
 + Level 2.0 Axes
   Level 1.0 Bows
 - Level 3.6 Shields
 - Level 2.0 Spellcasting
 - Level 2.1 Necromancy
   Level 1.0 Ice Magic


You had 6 spell levels left.
You knew the following spells:

 Your Spells              Type           Power        Failure   Level  Hunger
a - Animate Skeleton      Necr           N/A          47%         1    #......

Your spell library contained the following spells:

 Spells                   Type           Power        Failure   Level  Hunger
 Apportation              Tloc           #.....       78%         1    #......
 Regeneration             Chrm/Necr      #.........   94%         3    ###....
 Portal Projectile        Hex/Tloc       #.....       98%         3    ###....


Dungeon Overview and Level Annotations

Branches:
Dungeon (4/15)
 Temple: D:4-7

Altars:
Elyvilon
Kikubaaqudgha
Sif Muna
Trog
Vehumet
Xom


Innate Abilities, Weirdness & Mutations

You are partially covered in large bone plates. (SH +4)


Message History

You hit the bat.
You feel better.
You kill the bat!
Kikubaaqudgha accepts your kill.
You feel sick.
You see here a bat corpse.
Casting: Animate Skeleton (safe; 47% risk of failure)
Confirm with . or Enter, or press ? or * to list all spells.
You miscast Animate Skeleton.
You are very lightly contaminated with residual magic.
Your bones ache.
You feel sick.
You butcher the bat corpse.
s - a chunk of flesh You see here a bat skeleton.
You feel sick.
Eating a chunk of flesh.
You eat the chunk of flesh.
This raw flesh tastes terrible.
You start resting.
You feel sick. x2
Magic restored.
You feel sick.
You start resting.
You feel sick. x3
Your magical contamination has completely faded away.
You start resting.
The kobold is too close now for your liking.
A kobold is nearby!
There is a bloodstained altar of Trog here.
You feel sick.
You are no longer poisoned.
The kobold shouts!
You hit the kobold.
You feel better.
You kill the kobold!
Kikubaaqudgha accepts your kill.
You butcher the dart slug corpse.
s - 2 chunks of flesh
There is a bloodstained altar of Trog here.
You see here a kobold corpse.
t - a wand of paralysis (5)
You start resting.
HP restored.
u - a smoky dark potion
k - 2 emerald potions (gained 1)
A hobgoblin comes into view. It is wielding a +0 club.
The hobgoblin shouts!
A leopard gecko comes into view.
Found a grey potion.
The leopard gecko hisses angrily.
You hit the hobgoblin.
You kill the hobgoblin!
Kikubaaqudgha accepts your kill.
You slash the leopard gecko!
You kill the leopard gecko!
Kikubaaqudgha accepts your kill.
You butcher the leopard gecko corpse.
s - 3 chunks of flesh (gained 1)
You see here a leopard gecko skeleton. x2
v - a grey potion You see here a +0 club.
An orc comes into view. It is wielding a +0 club.
The orc shouts!
You block the orc's attack.
You slash the orc!
You kill the orc!
Kikubaaqudgha accepts your kill.
Your Axes skill increases to level 2!
Things that are here:
a +0 club; an orc corpse You butcher the orc corpse.
s - 5 chunks of flesh (gained 2)
Things that are here:
a +0 club; an orc skeleton
Things that are here:
a +0 club; an orc skeleton A rat comes into view.
A rat is nearby!
You block the rat's attack.
You hit the rat.
You kill the rat!
Kikubaaqudgha accepts your kill.
No target in view!
You butcher the rat corpse.
s - 6 chunks of flesh (gained 1)
You see here a rat skeleton. x2
Some of the chunks of flesh in your inventory have rotted away.
Found a stone staircase leading down.
There is an escape hatch in the floor here.
A bat comes into view.
The bat hits you but does no damage. The bat hits you.
Your shield prevents you from hitting the bat.
The bat hits you.
You miss the bat. The bat closely misses you. You block the bat's attack. x2
The bat hits you.
You closely miss the bat. You block the bat's attack.
The bat barely misses you. You block the bat's attack.
You hit the bat but do no damage. The bat hits you. You block the bat's attack.
The bat barely misses you. The bat hits you but does no damage.
The bat hits you.
You barely miss the bat. The bat hits you but does no damage. The bat hits you.
You block the bat's attack.
You hit the bat.
The bat is severely wounded.
You block the bat's attack. The bat hits you.
You hit the bat.
You feel better.
You kill the bat!
Kikubaaqudgha accepts your kill.
A ball python comes into view.
The ball python hisses angrily.
The ball python moves out of view.
You see here a bat corpse.
You butcher the bat corpse.
s - 5 chunks of flesh (gained 1)
You see here a bat skeleton.
Eating one of 5 chunks of flesh.
You eat one of the 5 chunks of flesh.
This raw flesh tastes terrible.
The ball python is too close now for your liking.
You see here a bat skeleton.
The ball python bites you. You block the ball python's attack.
You closely miss the ball python. You block the ball python's attack.
The ball python grabs you. The ball python constricts you.
You hit the ball python.
You kill the ball python!
Kikubaaqudgha accepts your kill.
No target in view!
You see here a leather armour.
f - 5 rations (gained 1)
Found an escape hatch in the ceiling.
There is an escape hatch in the ceiling here.
w - a wand of random effects (16) Done exploring.
(D) Dungeon
Where to? (Enter - D:2 @ (x,y), ? - help)
You see here a +0 club.
There is a stone staircase leading down here.
You climb downwards.
Found 28 arrows.
There is a stone staircase leading up here.
Found a leather armour and a ration.
Some of the chunks of flesh in your inventory have rotted away.
You see here a leather armour.
f - 6 rations (gained 1)
Found a stone staircase leading up.
Found a mace.
Found a whip.
A ball python skeleton comes into view.
Found a ration.
You see here a mace.
A ball python skeleton is nearby!
You slash the ball python skeleton!
You destroy the ball python skeleton!
Kikubaaqudgha accepts your kill.
You see here a whip.
f - 7 rations (gained 1)
Found 13 gold pieces.
Found a scroll labeled DAOCON BUNOPOX.
You fall into a shaft and drop 2 floors!
The shaft crumbles and collapses.
Found a shield and 12 gold pieces.
A centaur comes into view.
Evoke which item? (* to show all) (? for menu, Esc to quit)
Aiming: Random Effects
Press: ? - help, Shift-Dir - straight line, f - centaur
Aim: a centaur The puff of flame hits the centaur.
The centaur is lightly wounded.
You block the centaur's attack.
Evoke which item? (* to show all) (? for menu, Esc to quit)
Aiming: Random Effects
Press: ? - help, Shift-Dir - straight line, f/p - centaur
Aim: a centaur (lightly wounded)
The centaur resists with some effort.
You block the centaur's attack. The centaur closely misses you.
Evoke which item? (* to show all) (? for menu, Esc to quit)
Aiming: Random Effects
Press: ? - help, Shift-Dir - straight line, f/p - centaur
Aim: a centaur (lightly wounded)
The bolt of poison hits the centaur!
The centaur is severely wounded.
The centaur hits you.
Evoke which item? (* to show all) (? for menu, Esc to quit)
Aiming: Random Effects
Press: ? - help, Shift-Dir - straight line, f/p - centaur
Aim: a centaur (severely wounded)
The puff of frost hits the centaur.
The centaur is almost dead.
The centaur hits you! x2
Evoke which item? (* to show all) (? for menu, Esc to quit)
Aiming: Random Effects
Press: ? - help, Shift-Dir - straight line, f/p - centaur
Aim: a centaur (almost dead)
The bolt of poison misses the centaur.
The centaur hits you!
* * * LOW HITPOINT WARNING * * *
Evoke which item? (* to show all) (? for menu, Esc to quit)
Aiming: Random Effects
Press: ? - help, Shift-Dir - straight line, f/p - centaur
Aim: a centaur (almost dead)
The centaur flickers and vanishes!
Deactivating autopickup; reactivate with Ctrl-A.
Something hits you.
* * * LOW HITPOINT WARNING * * *
Something hits you!
You die...
Kikubaaqudgha rasps: "You have failed me!
Welcome... death!"

.# $. ..# #..
...### #...
......#####...#
.............#
............#
........{..#
#.@..# ##.#..#
### .# #


There were no monsters in sight!

Vanquished Creatures
  4 adders
  An ooze (D:2)
  A worm (D:2)
  2 dart slugs (D:3)
  2 leopard geckos
  2 orcs
  2 ball pythons (D:3)
  A giant cockroach (D:1)
  2 goblins
  5 hobgoblins
  A ball python skeleton (D:4)
  5 bats
  4 frilled lizards (D:2)
  7 kobolds
  A quokka skeleton (D:2)
  3 rats
43 creatures vanquished.

Vanquished Creatures (collateral kills)
  An adder (D:2)
  A bat (D:2)
  A goblin (D:2)
  A frilled lizard (D:2)
  A rat (D:2)
5 creatures vanquished.

Grand Total: 48 creatures vanquished

Notes
Turn   | Place    | Note
-------+----------+-------------------------------------------
     0 | D:1      | FessEmpty the Demonspawn Wanderer began the quest for the
                  | Orb.
     0 | D:1      | FessEmpty set off with the following items: a +0 dagger, a
                  | +0 robe, a +0 shield, a ration; and the following spells
                  | available to memorise: Animate Skeleton, Apportation,
                  | Regeneration, Portal Projectile
     0 | D:1      | Reached XP level 1. HP: 16/16 MP: 3/3
     2 | D:1      | Learned a level 1 spell: Animate Skeleton
   174 | D:1      | Reached skill level 2 in Shields
   800 | D:2      | Gained mutation: You are partially covered in large bone
                  | plates. (SH +4) [demonic ancestry]
   800 | D:2      | Reached XP level 2. HP: 3/22 MP: 3/5
  1260 | D:2      | Reached skill level 3 in Shields
  1451 | D:2      | Reached XP level 3. HP: 14/27 MP: 6/6
  1647 | D:2      | Found a shimmering altar of Xom.
  1706 | D:2      | Found a radiant altar of Vehumet.
  1706 | D:2      | Found a white marble altar of Elyvilon.
  1709 | D:2      | Found an ancient bone altar of Kikubaaqudgha.
  1769 | D:2      | Became a worshipper of Kikubaaqudgha
  2137 | D:3      | Reached skill level 1 in Axes
  2200 | D:3      | Found a shimmering blue altar of Sif Muna.
  2260 | D:3      | Reached XP level 4. HP: 21/33 MP: 7/7
  2499 | D:3      | Found a bloodstained altar of Trog.
  2973 | D:4      | You fall into a shaft and drop 2 floors!
  2974 | D:6      | Noticed a centaur
  2979 | D:6      | Slain by a centaur

Levels and vault maps discovered:
D:1:      onia_arrival_mini_spirals, layout_basic
D:2:      layout_rooms, minitemple
D:3:      layout_loops_ring, overflow_temple_1_default, led_sif_pool
D:4:      layout_loops_ring, nicolae_ru_great_annihilating_truth
D:6:      layout_layer_cave, slow_altar_1, grunt_dithmenos_smoke_and_mirrors,
          minmay_temple_entry_tees, serial_shops, shop

Skill      XL: |  1  2  3  4 |
---------------+-------------+-----
Shields        | 2 3 |  3.6
Axes           | 1 2 |  2.0
Fighting       | |  2.0
Bows           | |  1.0
Spellcasting   | |  2.0
Necromancy     | |  2.1
Ice Magic      | |  1.0

Action                   |  1- 3 |  4- 6 || total
-------------------------+-------+-------++-------
Melee: Whip              |   117 |       ||   117
       Dagger            |     9 |       ||     9
       War axe           |    16 |    30 ||    46
 Cast: Animate Skeleton  |    11 |       ||    11
Evoke: Wand              |       |     6 ||     6
  Use: Potion            |     1 |       ||     1
       Scroll            |     2 |       ||     2
 Stab: Sleeping          |     2 |       ||     2
  Eat: Chunk             |     5 |     2 ||     7
Armor: Robe              |    18 |       ||    18
       Leather armour    |     4 |     7 ||    11
Dodge: Dodged            |    43 |     9 ||    52
Block: Shield            |    83 |    31 ||   114
